 Dungeon Crawl Stone Soup version 0.30.1-11-g7821555f0a (webtiles) character file.

Game seed: 14830751129319269607

69 Martska the Trooper (level 4, -1/37 HPs)
             Began as a Human Fighter on Dec 1, 2023.
             Slain by an orc priest
             ... wielding a +0 flail
              (4 damage)
             ... on level 4 of the Dungeon.
             The game lasted 00:02:51 (1725 turns).

Martska the Trooper (Human Fighter)                 Turns: 1725, Time: 00:02:52

Health: -1/37      AC:  6    Str: 19    XL:     4   Next: 42%
Magic:  4/4        EV: 10    Int:  8    God:
Gold:   120        SH:  4    Dex: 12    Spells: 3/3 levels left

rFire   . . .        h - +3 dagger
rCold   . . .        c - +0 buckler
rNeg    . . .        b - +0 scale mail
rPois   .            (no helmet)
rElec   .            (no cloak)
rCorr   .            (no gloves)
SInv    .            (no boots)
Will    .....        (no amulet) Stlth
                     (no ring)
HPRegen 0.26/turn    (no ring)
MPRegen 0.09/turn

%: no passive effects
@: no status effects
A: no striking features
a: no special abilities


You were on level 4 of the Dungeon.
You visited 1 branch of the dungeon, and saw 4 of its levels.

You collected 120 gold pieces.

Inventory:

Hand Weapons
 a - a +0 trident
 h - a +3 dagger (weapon)
Armour
 b - a +0 scale mail (worn)
 c - a +0 buckler (worn)
 k - a +0 plate armour of willpower
 o - a +0 tower shield
Jewellery
 n - a ring of protection from fire
Scrolls
 f - 2 scrolls of teleportation {unknown}
 g - a scroll of magic mapping {unknown}
 i - 3 scrolls of identify {unknown}
Potions
 d - a potion of might
 e - a potion of cancellation {unknown}
 j - 2 potions of magic {unknown}
 l - a potion of flight {unknown}
 m - a potion of ambrosia {unknown}


   Skills:
 * Level 4.0 Fighting
 - Level 2.0 Polearms
 - Level 3.0 Armour
 * Level 2.4 Dodging
 - Level 3.0 Shields


You had 3 spell levels left.
You didn't know any spells.
Your spell library contained the following spells:

 Spells                   Type           Power      Damage    Failure   Level
 Blink                    Tloc           0%         N/A       94%         2
 Ensorcelled Hibernation  Hex/Ice        0%         N/A       94%         2
 Lesser Beckoning         Tloc           0%         N/A       94%         2
 Gell's Gravitas          Tloc           0%         N/A       99%         3
 Spider Form              Tmut/Pois      0%         N/A       99%         3
 Teleport Other           Tloc           0%         N/A       99%         3
 Anguish                  Hex/Necr       0%         N/A       100%        4
 Manifold Assault         Tloc           0%         N/A       100%        4
 Storm Form               Tmut/Air       0%         N/A       100%        7


Dungeon Overview and Level Annotations

Branches:
Dungeon (4/15)
 Temple: D:4-7

Altars:

Shops:
D:1 !   D:3 *


Message History

The orc priest looks satisfied for a moment.
You slide downwards.
The hatch slams shut behind you.
Found 2 poisoned darts and 17 gold pieces.
The orc priest attacks as you move away!
The orc priest hits you with a +0 flail.
An orc comes into view.
It is wielding a +0 club and wearing a +1 leather armour of poison resistance.
Found an escape hatch in the ceiling.
The orc shouts!
An orc comes into view. It is wielding a +0 whip.
The orc shouts!
You hear an angry hiss.
An orc comes into view. It is wielding a +0 club.
The orc shouts!
You hear a shout!
The ball python barely misses you. The ball python grabs you.
The ball python constricts you.
An orc wizard comes into view. It is wielding a +0 dagger.
You escape the ball python's grasp.
Found a metallic grey potion.
An adder comes into view.
Found a stone staircase leading up.
The orc priest invokes the aid of Beogh against you.
Beogh smites you!
* * * LOW HITPOINT WARNING * * *
The ball python attacks as you move away!
The ball python bites you but does no damage.
The ball python closely misses you.
A kobold and a scorpion come into view.
The kobold shouts!
The ball python attacks as you move away!
The ball python barely misses you.
There is an escape hatch in the ceiling here.
The ball python bites you but does no damage.
The ball python grabs you.
You stop ascending the stairs.
The ball python constricts you.
* * * LOW HITPOINT WARNING * * *
The ball python's grasp on you weakens, but your attempt to escape fails.
You block the ball python's attack. The ball python constricts you.
The ball python bites you but does no damage.
The ball python constricts you.
You escape the ball python's grasp.
The orc priest hits you with a +0 flail.
You die...

............#
...........#.
............
.....S#.<...... .!
....#.......# ..#
#...#..K....#
...o##...#......#
....S....#oo@...#
#..o....#.oS.#.....
+........o...####.#
##.........K..s..#
#....B#............
#.........$........
#..................
+......#....#.......
#####...........##.#


You could see a scorpion, an orc priest, an adder, 3 orcs, a giant cockroach
(wandering), a ball python and 2 kobolds.

Vanquished Creatures
  2 adders
  2 worms (D:2)
  2 orcs (D:3)
  4 ball pythons
  3 bats
  2 endoplasms
  3 giant cockroaches
  4 goblins
  2 hobgoblins
  5 kobolds
  3 quokkas
  7 frilled lizards
  4 rats
43 creatures vanquished.

Notes
Turn   | Place    | Note
-------+----------+-------------------------------------------
     0 | D:1      | Martska the Human Fighter began the quest for the Orb.
     0 | D:1      | Reached XP level 1. HP: 18/18 MP: 1/1
    98 | D:1      | Reached skill level 1 in Dodging
    98 | D:1      | Reached XP level 2. HP: 23/24 MP: 2/2
   664 | D:1      | Reached XP level 3. HP: 29/29 MP: 3/3
  1307 | D:2      | Reached XP level 4. HP: 23/37 MP: 4/4
  1626 | D:3      | Reached skill level 4 in Fighting
  1651 | D:3      | Found Qouci's General Store.
  1721 | D:4      | Noticed a scorpion
  1725 | D:4      | Slain by an orc priest

Illustrated notes

Levels and vault maps discovered:
D:1:      minmay_arrival_arboretum_small, layout_basic, serial_shops, shop
D:2:      layout_basic
D:3:      layout_loops_cross, overflow_temple_1_default, serial_shops, shop,
          nicolae_shop_back_alley_shop, shop, nicolae_shop_bloodbath_and_beyond,
          shop, uniq_jessica, uniq_grinder
D:4:      layout_basic, slow_altar_2

Skill      XL: |  1  2  3  4 |
---------------+-------------+-----
Dodging        | 1 2 |  2.4
Fighting       | 4 |  4.0
Polearms       | |  2.0
Armour         | |  3.0
Shields        | |  3.0

Action                     |  1- 3 |  4- 6 || total
---------------------------+-------+-------++-------
  Melee: Trident           |    31 |       ||    31
         Dagger            |    89 |    64 ||   153
 Armour: Scale mail        |    46 |    21 ||    67
  Dodge: Dodged            |    34 |    26 ||    60
  Block: Buckler           |    11 |    14 ||    25
